 Dungeon Crawl Stone Soup version 0.13-a0-2156-ga9a2eb8 (webtiles) character file.

235 4tharraofdagon the Cudgeler (level 4, -19/51 HPs)
             Began as a Djinni Berserker on June 30, 2013.
             Was a Believer of Trog.
             Demolished by an ogre
             ... wielding a +0,+0 giant club
              (22 damage)
             ... on Level 4 of the Dungeon.
             The game lasted 00:02:49 (589 turns).

4tharraofdagon the Cudgeler (Djinni Berserker)       Turns: 589, Time: 00:02:49

HP -19/51        AC  5     Str 22      XL: 4   Next: 98%
MP   0/0         EV 10     Int  9      God: Trog [**....]
Gold 99          SH  0     Dex 12      Spells:  0 memorised,  3 levels left

Res.Fire  : + + +   See Invis. : .   a - +0 mace
Res.Cold  : x . .   Warding    : .   i - +0 ring mail
Life Prot.: + + +   Conserve   : .   (no shield)
Res.Poison: .       Res.Corr.  : .   (no helmet)
Res.Elec. : .       Clarity    : .   (no cloak)
Sust.Abil.: . .     Spirit.Shd : .   (no gloves)
Res.Mut.  : .       Stasis     : .   (boots unavailable)
Res.Rott. : .       Flight     : .   (no amulet)
Saprovore : . . .                    (no ring)
                                     f - ring of flight

@: berserking, very slightly contaminated, very quick, slightly resistant to
hostile enchantments, extremely unstealthy
A: no striking features
a: Burn Spellbooks, Berserk, Trog's Hand, Renounce Religion, Evoke Flight


You were on level 4 of the Dungeon.
You worshipped Trog.
Trog was most pleased with you.
You were not hungry.

You visited 1 branch of the dungeon, and saw 4 of its levels.
You also visited: Ossuary.

You collected 79 gold pieces.

Inventory:

Hand weapons
 a - a +0,+0 mace (weapon)
 l - a +0,+0 whip
Armour
 b - a cursed +0 animal skin
 d - a +0 leather armour
 i - a +0 ring mail (worn)
Magical devices
 h - a wand of digging (8) {unknown}
 k - a wand of draining (7) {unknown}
Scrolls
 c - a scroll of remove curse {unknown}
 j - a scroll of teleportation {unknown}
 m - 2 scrolls of enchant weapon I {unknown}
 n - a scroll of random uselessness {unknown}
 p - a scroll of curse armour {unknown}
Jewellery
 f - a ring of flight (left hand)
Potions
 e - a potion of paralysis {unknown}
 g - a potion of poison {unknown}
 o - a potion of curing {unknown}


   Skills:
 + Level 3.5 Fighting
 * Level 4.5 Maces & Flails
 + Level 3.2 Armour
 - Level 1.7 Dodging


You had 3 spell levels left.
You didn't know any spells.

Dungeon Overview and Level Annotations

Branches:
Dungeon (4/27)
 Temple: D:4-7

Altars:


Message History

The adder is severely wounded.
The adder barely misses you.
You hit the adder.
You kill the adder!
Trog accepts your kill. The rat completely misses you.
The ogre barely misses you.
You thump the ogre!
The ogre is heavily wounded.
The rat barely misses you. The ogre hits you with a giant club!
* * * LOW HITPOINT WARNING * * *
You are too injured to fight recklessly!
You are too injured to fight recklessly!
You are too injured to fight recklessly!
You sock the ogre!
The ogre is severely wounded.
The rat closely misses you.
You barely miss the ogre.
The ogre is severely wounded.
The ogre hits you with a giant club!
You die...

≈≈§≈≈≈≈≈≈≈≈#......
≈≈≈≈§§§§≈≈≈≈≈§#......
≈≈≈§≈≈≈≈≈≈≈≈≈§≈#......
§≈≈≈≈≈§≈≈≈≈≈≈≈≈≈#..).#.
§§≈≈≈§≈§≈≈≈≈≈≈≈≈≈#..##.#
##################..#.⌠.
........>......<....##)#
.......r...............#.
..(....<@................
.......O.................
.................[......
........................
........................
#################......
≈≈≈≈≈≈≈≈≈≈≈≈≈≈≈#......
≈≈≈≈≈≈≈≈≈≈≈≈≈≈#......
≈≈≈≈≈≈≈≈≈§§#......


You could see an ogre and a rat.

Vanquished Creatures
  A centaur skeleton (D:4)
  A worker ant (D:4)
  A mummy (D:4)
  2 adders (D:4)
  A worm (D:2)
  A giant gecko (D:4)
  A gnoll skeleton (D:4)
  A ball python (D:4)
  A goblin (D:4)
  3 hobgoblins
  2 jackals (D:2)
  2 bats (D:1)
  2 giant cockroaches (D:4)
  A giant newt (D:2)
  A goblin skeleton (Ossuary)
  An orc skeleton (Ossuary)
  4 rats
26 creatures vanquished.

Vanquished Creatures (others)
  A hobgoblin (D:4)
1 creature vanquished.

Grand Total: 27 creatures vanquished

Notes
Turn   | Place    | Note
--------------------------------------------------------------
     0 | D:1      | 4tharraofdagon, the Djinni Berserker, began the quest for the Orb.
     0 | D:1      | Reached XP level 1. HP: 16/16 MP: 0/0
   145 | D:2      | Reached XP level 2. EP: 13/22
   292 | D:4      | Found a sand-covered staircase.
   298 | Ossuary  | Entered an ossuary
   326 | D:4      | Noticed a centaur skeleton
   332 | D:4      | Killed a centaur skeleton
   332 | D:4      | Reached skill level 4 in Maces & Flails
   332 | D:4      | Reached XP level 3. EP: 18/29
   332 | D:4      | Reached XP level 4. EP: 21/35
   494 | D:4      | Acquired Trog's second power
   576 | D:4      | Noticed an ogre
   589 | D:4      | Demolished by an ogre

Action                   |  1- 3 |  4- 6 || total
-------------------------+-------+-------++-------
Melee: Mace              |    49 |    46 ||    95
       Whip              |       |     4 ||     4
Invok: Berserk           |     1 |     3 ||     4
